 Dungeon Crawl Stone Soup version 0.31-a0-217-g58bb5d79cf (webtiles) character file.

Game seed: 3161314138274537911

4550 erloom the Transmogrifier (level 10, -7/96 HPs)
             Began as a Grey Draconian Transmuter on July 2, 2023.
             Was a Believer of Okawaru.
             Mangled by an orc warrior
             ... wielding a +0 war axe
              (9 damage)
             ... in a bailey.
             The game lasted 00:16:46 (9277 turns).

erloom the Transmogrifier (DrTm)                    Turns: 9277, Time: 00:16:47

Health: -7/96      AC:  8    Str: 13    XL:     10   Next: 17%
Magic:  15/19      EV: 10    Int: 17    God:    Okawaru [**....]
Gold:   486        SH:  0    Dex: 12    Spells: 11/21 levels left

rFire   . .          .
                       - Unarmed
rCold   + + +        (shield currently unavailable)
rNeg    . . .        (body armour unavailable)
rPois   +            (helmet currently unavailable)
rElec   .            r - melded +0 cloak
rCorr   .            (gloves currently unavailable)
SInv    .            (boots currently unavailable)
Will    .....        (no amulet)
Stlth   ++           d - ring of protection from fire
HPRegen 0.36/turn    (no ring)
MPRegen 0.16/turn

%: no passive effects
@: ice-form, wereblooded
A: freezing attack, boosted hp, AC +12, amphibious, large, unfitting armour,
(cold-blooded)
a: End Transformation, Renounce Religion, Heroism


You were in a bailey.
You worshipped Okawaru.
Okawaru was pleased with you.
You were a creature of crystalline ice.
You visited 2 branches of the dungeon, and saw 10 of its levels.
You also visited: Bailey.

You collected 586 gold pieces.
You spent 100 gold pieces at shops.

Inventory:

Armour
 r - a +0 cloak (melded)
Magical Staves
 f - a staff of fire
Jewellery
 d - a ring of protection from fire (left front paw)
 s - an amulet of faith
Wands
 m - a wand of mindburst (7)
 t - a wand of polymorph (14)
 u - a wand of iceblast (8)
Scrolls
 b - 3 scrolls of fear {unknown}
 c - 9 scrolls of identify {unknown}
 e - 2 scrolls of poison {unknown}
 g - 4 scrolls of revelation {unknown}
 h - 3 scrolls of teleportation {unknown}
 i - a scroll of blinking {unknown}
 n - 2 scrolls of amnesia {unknown}
Potions
 a - 2 potions of lignification
 j - a potion of degeneration {unknown}
 k - a potion of brilliance
 l - a potion of resistance {unknown}
 o - a potion of enlightenment
 q - a potion of berserk rage {unknown}
Miscellaneous
 p - a piece from Xom's chessboard (15/15)


   Skills:
 + Level 4.4 Fighting
 + Level 3.7 Dodging
 - Level 1.0 Stealth
 + Level 7.0 Unarmed Combat
 - Level 6.0 Spellcasting
 + Level 8.8 Transmutations
 - Level 5.0 Ice Magic
 - Level 3.0 Poison Magic
 + Level 1.2 Invocations


You had 11 spell levels left.
You knew the following spells:

 Your Spells              Type           Power      Damage    Failure   Level
a - Beastly Appendage     Tmut           70%        N/A       1%          1
b - Wereblood             Tmut           35%        N/A       1%          2
c - Spider Form           Tmut/Pois      25%        N/A       3%          3
d - Ice Form              Ice/Tmut       28%        N/A       8%          4

Your spell library contained the following spells:

 Spells                   Type           Power      Damage    Failure   Level
 Frozen Ramparts          Ice            44%        1d7       4%          3
 Summon Ice Beast         Ice/Summ       Unusable   N/A       N/A         4

Dungeon Overview and Level Annotations

Branches:
Dungeon (9/15)             Temple (1/1) D:7          Bailey (1/1)
   Lair: D:8-11         Orc: D:9-12

Altars:
Ashenzari
Cheibriados
Dithmenos
Elyvilon
Fedhas
Gozag
Hepliaklqana
Kikubaaqudgha
Okawaru
Qazlal
Ru
Sif Muna
Trog
Uskayaw
Vehumet
Wu Jian
Xom
Yredelemnul
Zin

Shops:
D:5 (   D:7 !

Annotations:
D:4 1 runed translucent door, Losyloc's ghost, amateur OpCK
D:5 3 runed translucent doors, initializr's ghost, novice GrCA
D:6 exclusion: water moccasin


Innate Abilities, Weirdness & Mutations

You are a creature of crystalline ice.
You have a powerful freezing melee attack.
Your maximum health is increased.
Your armour is entirely melded.
You are incapable of wielding weapons or throwing items.
((Your dull iron-grey scales are very hard. (AC +12)))
You are amphibious.
You cannot fit into any form of body armour.
((You are cold-blooded and may be slowed by cold attacks.))


Message History

Okawaru accepts your kill.
You howl as the wereblood boils in your veins!
You punch the gnoll! You freeze the gnoll.
You feel a bit better.
You kill the gnoll!
Okawaru accepts your kill.
You closely miss the orc warrior.
The orc warrior hits you with a +0 war axe!
You closely miss the orc warrior.
The orc warrior hits you with a +0 war axe!
You barely miss the orc warrior. You pummel the orc warrior!!
You freeze the orc warrior!
The orc warrior is almost dead.
The orc warrior hits you with a +0 war axe!
The orc warrior hits you with a +0 war axe.
You hit the orc warrior but do no damage.
The orc warrior is almost dead.
The orc warrior hits you with a +0 war axe! x2
* * * LOW HITPOINT WARNING * * *
You hit the orc warrior but do no damage.
The orc warrior is almost dead.
Unknown command.
The orc warrior attacks as you move away!
The orc warrior barely misses you.
You howl as the wereblood boils in your veins!
The orc warrior closely misses you.
The orc warrior attacks as you move away!
The orc warrior hits you with a +0 war axe.
* * * LOW HITPOINT WARNING * * *
The orc warrior attacks as you move away!
The orc warrior closely misses you.
Okay, then.
Okay, then.
The orc warrior hits you with a +0 war axe.
* * * LOW HITPOINT WARNING * * *
The orc warrior attacks as you move away!
The orc warrior hits you with a +0 war axe!
* * * LOW HITPOINT WARNING * * *
The orc warrior attacks as you move away!
The orc warrior hits you with a +0 war axe!
You die...

.....# ..... ....### ###
.... ).###.###
###.###... #)#.....###
###.....#)#
#.).......###.......o.##
...........#.......g...#
...........#...........#
.....⌠....)#.....o.....#
...........)....Yo.....#
..........)#...........#
#.........###.........##
###.....### ###.....###
###.### ###.### ### ###


You could see 3 orc warriors and a hobgoblin.

Vanquished Creatures
  A two-headed ogre (D:8)
  Psyche (D:8)
  Menkaure (D:5)
  A water moccasin (D:6)
  3 sky beasts
  3 black bears
  7 orc warriors
  An ogre (D:7)
  2 ice beasts (D:6)
  4 centaurs
  A phantom (D:6)
  A kobold brigand (D:8)
  2 bullfrogs
  4 scorpions
  8 wights
  3 jellies
  3 hounds (D:4)
  2 orc priests
  An iron imp (D:4)
  A gnoll bouda (D:6)
  An iguana (D:7)
  5 orc wizards
  10 gnolls
  10 adders
  A white imp (D:7)
  5 worms
  A dart slug (D:1)
  20 orcs
  5 ball pythons
  3 endoplasms
  A giant cockroach (D:2)
  9 goblins
  11 hobgoblins
  6 jackals
  A quokka (D:2)
  4 bats
  2 frilled lizards
  10 kobolds
  7 rats
162 creatures vanquished.

Notes
Turn   | Place    | Note
-------+----------+-------------------------------------------
     0 | D:1      | erloom the Draconian Transmuter began the quest for the
                  | Orb.
     0 | D:1      | Reached XP level 1. HP: 16/16 MP: 3/3
   259 | D:1      | Reached XP level 2. HP: 23/23 MP: 5/5
   813 | D:2      | Reached XP level 3. HP: 12/28 MP: 6/6
  1150 | D:2      | Learned a level 2 spell: Wereblood
  1161 | D:2      | Learned a level 3 spell: Spider Form
  1591 | D:3      | Found a faded altar of an unknown god.
  1830 | D:3      | Reached XP level 4. HP: 27/35 MP: 5/7
  1833 | D:3      | Reached skill level 5 in Unarmed Combat
  2645 | D:4      | Reached skill level 1 in Poison Magic
  2722 | D:4      | Reached XP level 5. HP: 38/40 MP: 6/8
  2780 | D:4      | Noticed a sky beast
  2791 | D:4      | Killed a sky beast
  2792 | D:4      | Reached skill level 3 in Transmutations
  2872 | D:4      | Found a runed translucent door.
  2875 | D:4      | Noticed a centaur
  2875 | D:4      | Noticed Losyloc's ghost (amateur OpCK)
  2964 | D:4      | Found a snail-covered altar of Cheibriados.
  2976 | D:4      | Reached XP level 6. HP: 23/47 MP: 10/10
  3374 | D:5      | Entered Level 5 of the Dungeon
  3443 | D:5      | Noticed Menkaure
  3552 | D:5      | Killed Menkaure
  3553 | D:5      | Reached skill level 4 in Transmutations
  3677 | D:5      | Your scales start taking on a dull iron-grey colour.
  3677 | D:5      | Reached XP level 7. HP: 51/52 MP: 10/12
  3959 | D:5      | Found a radiant altar of Vehumet.
  4004 | D:5      | Found Jetwaam's Antique Weapon Emporium.
  4203 | D:5      | Found a runed translucent gate.
  4203 | D:5      | Found a runed translucent gate.
  4203 | D:5      | Found a runed translucent gate.
  4290 | D:5      | Reached skill level 5 in Transmutations
  4565 | D:5      | Noticed initializr's ghost (novice GrCA)
  4683 | D:6      | Reached skill level 6 in Transmutations
  4762 | D:6      | Reached skill level 1 in Stealth
  4860 | D:6      | Reached XP level 8. HP: 58/60 MP: 10/14
  4878 | D:6      | Learned a level 4 spell: Ice Form
  5047 | D:6      | Reached skill level 1 in Ice Magic
  5170 | D:6      | HP: 3/90 [poisoned by a water moccasin]
  5834 | D:6      | Found a hide-covered altar of Uskayaw.
  5837 | D:6      | Found a stormy altar of Qazlal.
  5974 | D:6      | Reached skill level 5 in Spellcasting
  6124 | D:6      | Reached skill level 7 in Transmutations
  6286 | D:7      | Found a shimmering altar of Xom.
  6370 | D:7      | Reached XP level 9. HP: 65/67 MP: 12/16
  6430 | D:7      | Reached skill level 5 in Ice Magic
  6434 | D:7      | Found a staircase to the Ecumenical Temple.
  6446 | Temple   | Entered the Ecumenical Temple
  6486 | Temple   | Became a worshipper of Warmaster Okawaru
  6879 | D:7      | Found Edimirot's Distillery.
  6884 | D:7      | Bought a potion of haste for 100 gold pieces
  7150 | D:8      | Noticed a two-headed ogre
  7155 | D:8      | Noticed Psyche
  7173 | D:8      | Found a sacrificial altar of Ru.
  7381 | D:8      | Found a shadowy altar of Dithmenos.
  7814 | D:8      | Reached skill level 8 in Transmutations
  8043 | D:8      | Reached * piety under Okawaru
  8050 | D:8      | Killed Psyche
  8354 | D:8      | Found a blossoming altar of Fedhas.
  8618 | D:8      | Killed a two-headed ogre
  8619 | D:8      | Reached XP level 10. HP: 59/78 MP: 14/19
  8858 | D:9      | Identified the +9 falchion of the Seeker {freeze, Will-
                  | rCorr Dex+7 Stlth+}
  8874 | D:9      | Found a flagged portal.
  8892 | Bailey   | Entered a bailey
  8970 | Bailey   | Reached ** piety under Okawaru
  9039 | Bailey   | Reached skill level 1 in Invocations
  9277 | Bailey   | HP: 2/96 [orc warrior/+0 war axe (8)]
  9277 | Bailey   | Mangled by an orc warrior

Illustrated notes

Levels and vault maps discovered:
D:1:      minmay_arrival_arboretum_large, layout_basic, st_stairs_3
D:2:      layout_loops_ring
D:3:      layout_basic, shapermc_ecumenical_altar_ellora,
          dreamdust_wishing_well, minmay_gold_behind_fungi,
          grunt_decor_junction, minmay_quadrilaterals
D:4:      layout_basic, slow_altar_1, ebering_ghost_inner_flame
D:5:      layout_basic, mainiacjoe_overflow_small_starburst, serial_shops,
          nicolae_shop_statue_plus, ebering_ghost_rock_garden, uniq_menkaure
D:6:      layout_basic, nicolae_overflow_hidden_temple
D:7:      layout_loops_ring, xom_butterflies, minmay_temple_entry_crystal_x,
          serial_shops, shop
D:8:      layout_cave_pods, mainiacjoe_overflow_tiny_flanked, fedhas_altar_1,
          nicolae_ru_sacrificial_ziggurat, uniq_psyche
D:9:      layout_long_grid, enter_bailey_1, reono_crystal_passage,
          minmay_shop_damaged
Temple:   nicolae_temple_ecumenical_triangle
Bailey:   bailey_axe_minmay_hex_keep, bailey

Skill      XL: |  1  2  3  4  5  6  7  8  9 10 |
---------------+-------------------------------+-----
Unarmed Combat | 4 5 6 7 |  7.0
Poison Magic   | 1 2 3 |  3.0
Spellcasting   | 3 4 5 6 |  6.0
Transmutations | 3 4 6 7 8 |  8.8
Dodging        | 2 3 |  3.7
Stealth        | 1 |  1.0
Fighting       | 2 4 |  4.4
Ice Magic      | 4 5 |  5.0
Invocations    | 1 |  1.2

Action                     |  1- 3 |  4- 6 |  7- 9 | 10-12 || total
---------------------------+-------+-------+-------+-------++-------
  Melee: Unarmed           |   109 |   137 |   335 |    71 ||   652
         Tailslap          |     6 |     9 |    19 |       ||    34
         Punch             |     1 |     4 |     8 |       ||    13
         Headbutt          |     3 |    16 |    17 |       ||    36
         Kick              |     2 |    18 |    19 |       ||    39
   Cast: Beastly Appendage |     4 |    13 |    11 |       ||    28
         Spider Form       |       |     1 |    25 |     4 ||    30
         Wereblood         |       |       |     6 |     5 ||    11
         Ice Form          |       |       |     2 |     1 ||     3
Ability: End Transformatio |       |       |     1 |       ||     1
  Evoke: Wand              |       |       |     2 |       ||     2
    Use: Potion            |       |       |     5 |       ||     5
   Stab: Sleeping          |     1 |     1 |     1 |       ||     3
 Armour: Skin              |    20 |    48 |    85 |     2 ||   155
  Dodge: Dodged            |    68 |    89 |   239 |    63 ||   459

Table legend: (Time is in decaauts)
 A = Elapsed time spent in this place.
 B = Non-inter-level travel time spent in this place.
 C = Inter-level travel time spent in this place.
 D = Time resting spent in this place.
 E = Time spent auto-exploring this place.
 F = Levels seen in this place.
 G = Mean time per level.
                   A        B        C        D        E       F      G
               +--------+--------+--------+--------+--------+-----+--------+
         Total |   9193 |   8853 |    340 |    497 |   6555 |  11 |  835.7 |
       Dungeon |   8763 |   8434 |    329 |    487 |   6274 |   9 |  973.7 |
        Temple |     53 |     42 |     11 |      0 |     22 |   1 |   53.0 |
        Bailey |    376 |    376 |      0 |     10 |    259 |   1 |  376.0 |
               +--------+--------+--------+--------+--------+-----+--------+

Top non-repeatable levels by time:
     D:6: 1552 daAuts
     D:8: 1478 daAuts
     D:5: 1145 daAuts
     D:7: 1087 daAuts
     D:3: 1003 daAuts
     D:4: 878 daAuts
     D:1: 793 daAuts
     D:2: 748 daAuts
  Bailey: 376 daAuts
     D:9: 74 daAuts
  Temple: 53 daAuts
